 Dungeon Crawl Stone Soup version 0.29.1-15-g9cfb28693d (webtiles) character file.

Game seed: 13886161124858579111

6744 Anriel the Unseen (level 10, -5/63 HPs)
             Began as a Vampire Enchanter on Mar 7, 2023.
             Was a Priest of Dithmenos.
             Engulfed by a steam dragon's steam (10 damage)
             ... on level 9 of the Dungeon.
             The game lasted 01:01:29 (7693 turns).

Anriel the Unseen (Vampire Enchanter)               Turns: 7693, Time: 01:01:30

Health: -5/63      AC:  9    Str:  9    XL:     10   Next: 75%
Magic:  2/21       EV: 14    Int: 19    God:    Dithmenos [***...]
Gold:   1396       SH:  0    Dex: 18    Spells: 16/24 levels left

rFire   x . .      SeeInvis +   a - +3 dagger
rCold   + . .      Faith    .   (no shield)
rNeg    . . .      Spirit   .   c - +1 robe of Virtue {Str+2 Archmagi}
rPois   +          Reflect  .   D - +2 hat
rElec   .          Harm     .   y - +2 cloak
rCorr   .          Rampage  .   (no gloves)
Will    +....      Archmagi +   s - +0 pair of boots
Stlth   +++++++++.              (no amulet)
HPRegen 0.40/turn               f - ring of poison resistance
MPRegen 0.17/turn               r - ring of ice

@: healing quickly, wreathed by umbra
A: alive, fangs 3, see invisible, vampiric 2
a: Exsanguinate, Renounce Religion, Shadow Step


You were on level 9 of the Dungeon.
You worshipped Dithmenos.
Dithmenos was most pleased with you.
You visited 2 branches of the dungeon, and saw 10 of its levels.
You also visited: Ossuary.

You collected 1396 gold pieces.

Inventory:

Hand Weapons
 a - a +3 dagger (weapon)
 b - the +7 whip of the Howling One {drain, rN++ Int+6 Dex-4}
   (You found it on level 5 of the Dungeon)

   A truly terrible weapon, it drains the life of any living foe it strikes.
   Int:       It affects your intelligence (+6).
   Dex:       It affects your dexterity (-4).
   rN:        It greatly protects you from negative energy.
 j - a +2 short sword of speed
 u - the +7 whip "Qepaarul" {venom, Stlth+}
   (You found it on level 5 of the Dungeon)

   It poisons the flesh of those it strikes.
   Stlth:     It makes you more stealthy.
 z - a +0 dagger of speed
 G - a +4 dagger
Missiles
 g - 13 boomerangs (quivered)
Armour
 c - the +1 robe of Virtue (worn) {Str+2 Archmagi}
   (You found it on level 4 of the Dungeon)

   Str:       It affects your strength (+2).
   Archmagi:  It increases the power of your magical spells.
 s - a +0 pair of boots (worn)
 w - the +4 scale mail of Impermeability {Regen+ rCorr}
   (You found it on level 8 of the Dungeon)

   Regen:     It increases your rate of health regeneration.
   rCorr:     It protects you from acid and corrosion.
 y - a +2 cloak (worn)
 D - a +2 hat (worn)
Magical Staves
 i - a staff of air
 k - a staff of cold
 n - a staff of fire
 A - a staff of death
Jewellery
 f - a ring of poison resistance (left hand)
 r - a ring of ice (right hand)
 v - an amulet of faith
Wands
 l - a wand of iceblast (11)
 o - a wand of polymorph (28)
 p - a wand of flame (27)
Scrolls
 e - 3 scrolls of teleportation
 m - 2 scrolls of vulnerability
 q - 2 scrolls of fear
 t - 2 scrolls of amnesia
 B - a scroll of silence
Potions
 d - 2 potions of flight
 h - 3 potions of might
 x - 2 potions of brilliance
 C - 2 potions of magic
 E - 2 potions of lignification
 F - a potion of haste


   Skills:
 - Level 5.0 Short Blades
 - Level 5.0 Dodging
 + Level 16.7 Stealth
 + Level 7.8 Spellcasting
 - Level 10.1 Hexes
 - Level 3.0 Ice Magic


You had 16 spell levels left.
You knew the following spells:

 Your Spells              Type           Power      Damage    Failure   Level
a - Confusing Touch       Hex            62%        N/A       1%          3
b - Ensorcelled Hibernat  Hex/Ice        100%       N/A       1%          2
c - Tukima's Dance        Hex            62%        N/A       1%          3

Your spell library contained the following spells:

 Spells                   Type           Power      Damage    Failure   Level
 Dazzling Flash           Conj/Hex       80%        N/A       3%          3
 Summon Guardian Golem    Hex/Summ       40%        N/A       3%          3
 Magic Dart               Conj           44%        1d5       10%         1
 Summon Small Mammal      Summ           44%        N/A       10%         1
 Call Imp                 Summ           11%        N/A       14%         2
 Call Canine Familiar     Summ           11%        N/A       28%         3
 Mephitic Cloud           Conj/Pois/Air  11%        N/A       28%         3
 Animate Armour           Summ/Erth      22%        N/A       67%         4
 Blade Hands              Tmut           5%         N/A       95%         5
 Iron Shot                Conj/Erth      5%         9d2       100%        6


Dungeon Overview and Level Annotations

Branches:
Dungeon (9/15)             Temple (1/1) D:7         Ossuary (visited)
   Lair: D:8-11         Orc: D:9-12

Altars:
Ashenzari
Cheibriados
Dithmenos
Gozag
Hepliaklqana
Kikubaaqudgha
Makhleb
Nemelex Xobeh
Okawaru
Qazlal
Ru
Trog
Uskayaw
Vehumet
Wu Jian
Xom
Yredelemnul

Annotations:
D:4 3 runed translucent doors, BabyfaceFinlayson's ghost, novice OgFE
D:6 1 runed translucent door, u553311's ghost, novice HuFi


Innate Abilities, Weirdness & Mutations

Your natural rate of healing is accelerated.
You have razor-sharp teeth.
You have supernaturally acute eyesight. (SInv)
You are afflicted with vampirism and can become a bat while bloodless.


Message History

The yak closely misses something.
You hear a shout!
You hear an angry hiss. x2
The yak gores the kobold.
The kobold is killed!
Dithmenos accepts your kill.
Items here: ( ))) [[ †.
G - a +4 dagger
Okay, then.
The basilisk hisses angrily.
You hit the yak but do no damage.
The yak is severely wounded.
The yak gores you.
You hit the yak.
The yak is almost dead.
The yak gores you!
You catch the helpless yak completely off-guard!
You stick the yak like a pincushion!!!
You kill the yak!
Dithmenos accepts your kill.
You will now sometimes bleed smoke when heavily injured by enemies.
You hit the kobold.
You kill the kobold!
Dithmenos accepts your kill.
Casting: Ensorcelled Hibernation (safe; 1% risk of failure)
Confirm with . or Enter, or press ? or * to list all spells.
Aiming: Ensorcelled Hibernation (safe; 1% risk of failure)
Press: ? - help, Shift-Dir - straight line, f - basilisk
Aim: a basilisk (umbra, chance to affect: 71%)
You feel a strong surge of power!
The basilisk looks drowsy...
Items here: ( )) †.
The helpless basilisk fails to defend itself.
You stick the basilisk like a pincushion!!!!
You kill the basilisk!
Dithmenos accepts your kill. The steam dragon breathes steam at you.
The ball of steam hits you!! The steam scalds you terribly!
* * * LOW HITPOINT WARNING * * *
You are engulfed in a cloud of scalding steam.
You die...

####...........P
#..........P.
#.........♣P.
#...$.....PPl
####.........P..
##(..........l.P.
#.............Y..
###...............
#§@...............
#§#...)..........
#§#.........S..
#D#####........
#)# ....l.. #)#
.......
..KKY.....#
.......
D......<..#
##.....
..........# ....


There were no monsters in sight!

Vanquished Creatures
  3 kobold demonologists (D:9)
  A troll (D:6)
  A wyvern (D:8)
  A basilisk (D:9)
  A steam dragon (D:6)
  10 yaks
  Menkaure (D:5)
  3 water moccasins
  3 ice beasts
  An orc warrior (D:7)
  A sky beast (D:7)
  A black bear (D:5)
  An ogre (D:6)
  3 centaurs
  2 phantoms (D:6)
  2 kobold brigands
  Blork the orc (D:6)
  2 elf zombies (Ossuary)
  3 bullfrogs
  2 necrophages
  4 scorpions
  6 wights
  A howler monkey (D:6)
  4 centaur zombies
  Crazy Yiuf (D:3)
  2 gnoll boudas (D:7)
  3 hounds
  A human zombie (Ossuary)
  7 orc priests
  5 iguanas
  5 orc wizards
  2 mummies (Ossuary)
  17 gnolls
  6 adders
  2 shadow imps
  4 white imps
  An adder zombie (Ossuary)
  A worm (D:2)
  5 dart slugs
  31 orcs
  6 ball pythons
  2 bats (D:1)
  4 endoplasms
  2 giant cockroaches
  6 goblins
  5 hobgoblins
  7 jackals
  4 quokkas
  3 frilled lizards (D:1)
  12 hobgoblin zombies (Ossuary)
  A jackal zombie (Ossuary)
  16 kobolds
  9 kobold zombies (Ossuary)
  9 orc zombies (Ossuary)
  7 rats
  A rat zombie (Ossuary)
245 creatures vanquished.

Vanquished Creatures (others)
  5 fungi (D:9)
  9 plants (D:9)
  A withered plant (D:9)
15 creatures vanquished.

Grand Total: 260 creatures vanquished

Notes
Turn   | Place    | Note
-------+----------+-------------------------------------------
     0 | D:1      | Anriel the Vampire Enchanter began the quest for the Orb.
     0 | D:1      | Reached XP level 1. HP: 13/13 MP: 3/3
   186 | D:1      | Reached XP level 2. HP: 19/19 MP: 5/5
   281 | D:1      | Reached skill level 5 in Stealth
   688 | D:1      | Gained mutation: You are afflicted with vampirism and can
                  | become a bat while bloodless. [Vampire growth]
   688 | D:1      | Reached XP level 3. HP: 17/24 MP: 6/6
   801 | D:1      | Learned a level 3 spell: Confusing Touch
   804 | D:1      | Learned a level 2 spell: Ensorcelled Hibernation
  1011 | D:2      | Found a faded altar of an unknown god.
  1011 | D:2      | Noticed a golden eye
  1014 | D:2      | Noticed an eye of devastation
  1018 | D:2      | Noticed an eye of devastation
  1018 | D:2      | Noticed a shining eye
  1489 | D:3      | Noticed a scorpion
  1518 | D:3      | Reached XP level 4. HP: 25/30 MP: 7/7
  2094 | D:3      | Reached XP level 5. HP: 33/35 MP: 5/9
  2338 | D:3      | Found a runed translucent door.
  2339 | D:3      | Noticed Crazy Yiuf
  2346 | D:3      | Killed Crazy Yiuf
  2347 | D:3      | Reached skill level 5 in Hexes
  2660 | D:3      | Reached XP level 6. HP: 41/41 MP: 7/10
  2898 | D:3      | Identified a scroll of acquirement
  2898 | D:3      | Acquired 923 gold pieces
  2995 | D:4      | Identified the +1 robe of Virtue {Str+2 Archmagi}
  3180 | D:4      | Reached skill level 5 in Dodging
  3216 | D:4      | Learned a level 3 spell: Tukima's Dance
  3259 | D:4      | Noticed an ice beast
  3260 | D:4      | Noticed BabyfaceFinlayson's ghost (novice OgFE)
  3282 | D:4      | Found a runed translucent gate.
  3282 | D:4      | Found a runed translucent gate.
  3282 | D:4      | Found a runed translucent gate.
  3350 | D:4      | Reached skill level 5 in Short Blades
  3350 | D:4      | Reached XP level 7. HP: 46/46 MP: 8/11
  3433 | D:4      | Reached skill level 6 in Stealth
  3433 | D:4      | Reached skill level 1 in Ice Magic
  3716 | D:5      | Entered Level 5 of the Dungeon
  3722 | D:5      | Identified the +7 whip of the Howling One {drain, rN++
                  | Int+6 Dex-4}
  3754 | D:5      | Noticed Menkaure
  3770 | D:5      | Killed Menkaure
  3786 | D:5      | Reached skill level 7 in Stealth
  4009 | D:5      | Reached skill level 8 in Stealth
  4023 | D:5      | Identified the +7 whip "Qepaarul" {venom, Stlth+}
  4104 | D:5      | Found an ornate altar of the Wu Jian Council.
  4112 | D:5      | Reached XP level 8. HP: 52/52 MP: 8/13
  4504 | D:6      | Reached skill level 9 in Stealth
  4572 | D:6      | Noticed Blork the orc
  4578 | D:6      | Killed Blork the orc
  4581 | D:6      | Found a runed translucent door.
  4588 | D:6      | Noticed u553311's ghost (novice HuFi)
  4610 | D:6      | Reached skill level 10 in Stealth
  4628 | D:6      | Noticed a troll
  4635 | D:6      | Killed a troll
  4636 | D:6      | Reached skill level 5 in Spellcasting
  4784 | D:6      | Reached skill level 11 in Stealth
  4857 | D:6      | Reached XP level 9. HP: 57/57 MP: 16/16
  5175 | D:7      | Reached skill level 12 in Stealth
  5303 | D:7      | Found a staircase to the Ecumenical Temple.
  5310 | Temple   | Entered the Ecumenical Temple
  5310 | Temple   | Found a transporter.
  5310 | Temple   | Found a transporter.
  5312 | Temple   | Found a transporter.
  5312 | Temple   | Found a transporter.
  5334 | Temple   | Became a worshipper of Dithmenos the Shadowed
  5611 | D:7      | Reached skill level 13 in Stealth
  5977 | D:8      | Identified the +4 scale mail of Impermeability {Regen+
                  | rCorr}
  6039 | D:8      | Found a sand-covered staircase.
  6044 | Ossuary  | Entered an ossuary
  6062 | Ossuary  | Reached * piety under Dithmenos
  6301 | Ossuary  | Reached ** piety under Dithmenos
  6584 | D:8      | Reached skill level 14 in Stealth
  6584 | D:8      | Reached skill level 10 in Hexes
  6592 | D:8      | Reached XP level 10. HP: 50/63 MP: 7/18
  7137 | D:8      | Reached skill level 15 in Stealth
  7617 | D:9      | Noticed a rust devil
  7658 | D:9      | Reached skill level 16 in Stealth
  7688 | D:9      | Reached *** piety under Dithmenos
  7693 | D:9      | Engulfed by a steam dragon's steam

Illustrated notes

Levels and vault maps discovered:
D:1:      dpeg_arrival_signposts, layout_loops_ring, serial_bayou_lagoon_a,
          nicolae_figureground_sparkle
D:2:      minmay_alternating_diamond, layout_basic, basic_altar,
          hellmonk_ecumenical_altar_watching_god
D:3:      layout_rooms, uniq_crazy_yiuf_cottage
D:4:      layout_rooms, gammafunk_ghost_icy, nrook_campfire,
          kennysheep_generic_room_16
D:5:      layout_basic, nicolae_overflow_crystal_walls,
          kennysheep_generic_room_9, uniq_menkaure
D:6:      layout_loops_ring, ebering_ghost_sewer_d, uniq_blork_the_orc
D:7:      layout_cave_pools, minmay_temple_entry_mist
D:8:      layout_loops_corners, enter_ossuary_5, minmay_misc_feat_four_crosses
D:9:      minmay_chopped_fan, layout_cross, minmay_lair_entry_grove,
          serial_undead, serial_undead_f, serial_undead_f, serial_undead_a,
          serial_undead_b, serial_undead_b, serial_undead_e,
          gammafunk_ghost_nasty_kobolds, uniq_harold
Temple:   hellmonk_temple_divided_pantheon

Skill      XL: |  1  2  3  4  5  6  7  8  9 10 |
---------------+-------------------------------+-----
Stealth        | 5 8 11 14 16 | 16.7
Short Blades   | 2 3 5 |  5.0
Dodging        | 3 4 5 |  5.0
Spellcasting   | 3 5 7 |  7.8
Hexes          | 5 6 10 | 10.1
Ice Magic      | 3 |  3.0

Action                   |  1- 3 |  4- 6 |  7- 9 | 10-12 || total
-------------------------+-------+-------+-------+-------++-------
Melee: Dagger            |    70 |   168 |   419 |   115 ||   772
       Bite              |     8 |    14 |    54 |    20 ||    96
       Punch             |     1 |       |     9 |     1 ||    11
       Unarmed           |       |       |       |     2 ||     2
 Cast: Ensorcelled Hiber |     4 |    39 |    55 |    21 ||   119
       Confusing Touch   |       |     6 |    17 |     9 ||    32
 Abil: Bat Form          |       |       |       |     1 ||     1
       Exsanguinate      |       |       |       |     1 ||     1
       Revivify          |       |       |       |     1 ||     1
  Use: Scroll            |     4 |     6 |     9 |     2 ||    21
       Potion            |       |     2 |       |     1 ||     3
 Stab: Sleeping          |    19 |    25 |    51 |    24 ||   119
       Invisible         |       |     1 |       |       ||     1
       Confused          |       |     2 |    13 |     8 ||    23
Armor: Robe              |     4 |    18 |    81 |    26 ||   129
Dodge: Dodged            |    23 |   139 |   213 |    82 ||   457
